[Event "Early-Titled-Tuesday-Blitz-April-23-2024"]
[Site "Chess.com"]
[Date "2024.04.23"]
[Round "1"]
[White "Zavgorodniy_Sergiy"]
[Black "Nechitaylo_Nikita"]
[Result "0-1"]
[WhiteElo "2612"]
[BlackElo "2310"]
[TimeControl "180+1"]
[EndTime "8:08:17 PDT"]
[Termination "Nechitaylo_Nikita won by resignation"]

1. e4 c5 2. Nf3 d6 3. c3 Nf6 4.
Bd3 g6 5. h3 Bg7 6. Bc2 O-O 7.
O-O Nc6 8. d4 cxd4 9. cxd4 d5 10.
e5 Ne4 11. Nbd2 Bf5 12. Re1 Nxd2 13. Bxd2 Bxc2 14. Qxc2 Rc8 15. Bc3 f6 16. exf6 Bxf6 17. Qd3 Qd6 18. Re2 a6 19. Rae1 b5 20. Ne5 b4 21.
Bd2 Bxe5 22. dxe5 Qc5 23. Rc1 Qb5 24. Qxb5 axb5 25. Bh6 Nd4 26. Ree1 Rxc1 27. Bxc1 Ra8 28. a3 bxa3 29. bxa3 Nc2 30. Rd1 e6 31. Rd3 b4 32.
axb4 Ra1 33. Rd1 Nxb4 34. Rf1 Nd3 35. Be3 Rxf1+ 36. Kxf1 Nxe5 37. Ke2 Kf7 38. Bd4 Nc6 39. Bb2 e5 40. Kd3 Ke6 41. f3 h5 42. Bc1 Kf5 43. Bh6 e4+ 44. Ke3 d4+ 45. Kf2 e3+ 46. Bxe3 dxe3+ 47.
Kxe3 Nb4 48. g4+ Kg5 49. f4+ Kh4 50. Ke4 Kxh3 51. gxh5 gxh5 52. f5 Nc6 53. f6 Nd8 54.
Kf5 h4 55. Ke5 Kg4 56. Kd6 Nf7+ 57. Ke7 Ng5 0-1

[Event "Early-Titled-Tuesday-Blitz-April-23-2024"]
[Site "Chess.com"]
[Date "2024.04.23"]
[Round "1"]
[White "sonicdravise"]
[Black "David_George21"]
[Result "0-1"]
[WhiteElo "2617"]
[BlackElo "2321"]
[TimeControl "180+1"]
[EndTime "8:08:18 PDT"]
[Termination "David_George21 won by resignation"]

1. Nf3 c5 2. c4 Nc6 3. d4 cxd4 4.
Nxd4 e5 5. Nb5 d6 6. g3 a6 7. N5c3 Nf6 8. Bg2 Be7 9. O-O O-O 10. Bg5 Be6 11. Bxf6 Bxf6 12. Nd5 Be7 13. Nbc3 f5 14.
e3 Rb8 15. a4 e4 16. Qe2 Ne5 17. Rfd1 Qe8 18. b3 Bf7 19. h4 Bh5 20. Nxe7+ Kh8 21. Qd2 Bxd1 22. Rxd1 Qxe7 23. Qxd6 Qxd6 24. Rxd6 Rbd8 25. Rxd8 Rxd8 26. Nd5 b5 27. axb5 axb5 28. Bf1 bxc4 29. bxc4 g6 30. Kg2 Rc8 31. Ne7 Rc5 32. Nd5 Nxc4 33. Bxc4 Rxc4 34. Nf4 Rc2 35. Ne6 Kg8 36.
Nd4 Rd2 37. g4 fxg4 38. Kg3 h5 39. Ne6 Rd5 40. Nf4 Rd6 41. Ne2 Kf7 42. Nc3 Re6 43. Kf4 Rf6+ 44. Kg3 Re6 45. Kf4 Rf6+ 46. Kg3 Rf3+ 47.
Kg2 Rh3 48. Nxe4 Rxh4 49. Ng3 Ke6 50. Nf1 Rh3 51. Ng3 h4 52. Ne2 g5 53. Ng1 Rf3 54. Nxf3 gxf3+ 55. Kxf3 Kf5 56. Kg2 g4 57. Kh2 Ke5 58.
Kg1 Ke4 59. Kg2 Kd3 60. Kf1 h3 61. Kg1 Ke4 62. Kh2 Kf3 63. Kg1 h2+ 64. Kxh2 Kxf2 65. e4 g3+ 66. Kh3 g2 67. e5 g1=Q 0-1

[Event "Early-Titled-Tuesday-Blitz-April-23-2024"]
[Site "Chess.com"]
[Date "2024.04.23"]
[Round "1"]
[White "Speed-O-Sonic"]
[Black "praveenb2002"]
[Result "1/2-1/2"]
[WhiteElo "2516"]
[BlackElo "2894"]
[TimeControl "180+1"]
[EndTime "8:08:19 PDT"]
[Termination "Game drawn by repetition"]

1. e4 c6 2. d4 d5 3. exd5 cxd5 4. Nf3 Nc6 5. Ne5 e6 6. Bb5 Bd7 7. Nxd7 Qxd7 8. c3 Bd6 9. O-O Nf6 10. Nd2 O-O 11.
Re1 Rae8 12. g3 a6 13. Bd3 e5 14. dxe5 Nxe5 15. Be2 Re7 16. Nf3 Neg4 17. Bg5 Rfe8 18.
Bxf6 Nxf6 19. Bd3 Ne4 20. Qc2 Bc5 21. Nd4 h5 22. Re2 h4 23. Rae1 Ng5 24. Rxe7 Rxe7 25. Rxe7 Qxe7 26. Qe2 Qf6 27. Qe8+ Bf8 28. Qd7 Qe5 29. Qf5 Qe1+ 30. Bf1 Ne4 31. gxh4 Nd2 32. Qd3 Bd6 33. Nf3 Nxf3+ 34. Qxf3 Qe5 35. Qg2 d4 36. cxd4 Qxd4 37. Qxb7 Bc5 38. Qa8+ Kh7 39. Qf3 Kg8 40. Qa8+ Kh7 41. Qf3 Qxh4 42. Qd3+ Kg8 43. Qg3 Qf6 44. Qb8+ Bf8 45. Qb3 Qd6 46. Qg3 Qf6 47. b3 Qb2 48. Bc4 Qxa2 49. Qf3 Qa1+ 50. Kg2 Qf6 51. Qxf6 gxf6 52.
Bxa6 Kg7 53. Bc4 f5 54. Kf3 Kf6 55. h4 Kg6 56. Kg3 Bd6+ 57. Kh3 Bc5 58. f3 Bd6 59. Bd5 Bc5 60. Bc4 Bd6 61. Bd5 Bc5 62. Bc4 1/2-1/2

[Event "Early-Titled-Tuesday-Blitz-April-23-2024"]
[Site "Chess.com"]
[Date "2024.04.23"]
[Round "1"]
[White "Louis-Paulsen-Fan"]
[Black "HATilay"]
[Result "0-1"]
[WhiteElo "2339"]
[BlackElo "2649"]
[TimeControl "180+1"]
[EndTime "8:08:20 PDT"]
[Termination "HATilay won by checkmate"]

1. d4 Nf6 2. Nf3 d5 3. c4 e6 4. Nc3 Nbd7 5. Bg5 c6 6. e3 h6 7. Bh4 g5 8. Bg3 Nh5 9. Bd3 Nxg3 10. hxg3 Bg7 11. cxd5 exd5 12. Rc1 Qe7 13. Qe2 O-O 14. a3 a5 15. e4 dxe4 16. Nxe4 Re8 17. O-O g4 18.
Nh4 Nf6 19. Rfe1 Nxe4 20. Bxe4 Bxd4 21. Qd3 Qf6 22. Bh7+ Kf8 23. Rxe8+ Kxe8 24. Bf5 Be6 25. Re1 Kf8 26. Re2 Re8 27. Kh2 Bxf5 28. Rxe8+ Kxe8 29. Nxf5 Bxb2 30. Qe4+ Kf8 31. Qxg4 Bxa3 32. Qe4 Bc5 33.
g4 Bxf2 34. Qd3 Qe5+ 35. Kh3 Qd5 36. Qe2 Bc5 37. Qb2 Ke8 38. Qxb7 Qd3+ 39. Kh4 Qd7 40. Qb8+ Qd8+ 41. Qxd8+ Kxd8 42. Nxh6 a4 43. Nxf7+ Ke7 44. Ne5 Kd6 45. Nc4+ Kd5 46. Nb2 a3 47. Nd1 a2 48.
Nc3+ Kc4 49. Nxa2 Kb3 50. g5 Be3 51. g6 Bd4 52. Kh5 Kxa2 53. Kh6 c5 54. g7 Bxg7+ 55. Kxg7 c4 56. g4 c3 57. g5 c2 58. g6 c1=Q 59. Kh7 Qf4 60. g7 Qf5+ 61. Kh8 Qf6 62. Kh7 Qh4+ 63. Kg8 Kb3 64. Kf8 Qf6+ 65. Kg8 Kc4 66.
Kh7 Qh4+ 67. Kg6 Qg4+ 68. Kf6 Kd5 69. Kf7 Qf5+ 70. Kg8 Ke6 71. Kh8 Qh5+ 72. Kg8 Kf6 73. Kf8 Qf7# 0-1

[Event "Early-Titled-Tuesday-Blitz-April-23-2024"]
[Site "Chess.com"]
[Date "2024.04.23"]
[Round "1"]
[White "DumbKing75"]
[Black "WCM-Mexicana"]
[Result "1/2-1/2"]
[WhiteElo "2638"]
[BlackElo "2345"]
[TimeControl "180+1"]
[EndTime "8:08:20 PDT"]
[Termination "Game drawn by repetition"]

1. e4 Nf6 2. e5 Nd5 3. d4 d6 4. Nf3 dxe5 5. Nxe5 g6 6. c4 Nf6 7. g3 Bg7 8. Bg2 O-O 9. O-O c6 10. Nc3 Nbd7 11. Nf3 Re8 12. Re1 Nb6 13. b3 Bg4 14. Bb2 Qc7 15. h3 Bf5 16. g4 Bd7 17. Ne5 Rad8 18. Qf3 Rf8 19. Re2 e6 20. Ba3 Bc8 21. Bxf8 Rxf8 22. Rd1 Nfd7 23. Nxd7 Nxd7 24. Ne4 b6 25.
Qg3 e5 26. dxe5 Bxe5 27. Qe3 Bb7 28. Nd2 Bg7 29. Qg3 Be5 30. Qf3 Ba8 31. Rde1 c5 32. Qd3 Bxg2 33. Kxg2 Bd4 34. Nf3 Bf6 35. g5 Bg7 36. Re7 Rd8 37. Re8+ Rxe8 38. Rxe8+ Nf8 39. Qe4 a6 40. Nh2 h5 41. gxh6 Bxh6 42. Ng4 Bg7 43. Qf3 Qd7 44. Qa8 Qd6 45. Qe4 b5 46.
Qe7 Qf4 47. Rd8 bxc4 48. bxc4 Qxc4 49. Nf6+ Bxf6 50. Qxf8+ Kh7 51. Qg8+ Kh6 52. Re8 Qd5+ 53. Kg1 Qd1+ 54. Kh2 Qd6+ 55. Kg2 Qd5+ 56. Kf1 Qd1+ 57. Re1 Qd3+ 58. Kg1 Qxh3 59. Qxf7 Qg4+ 60. Kf1 Qh3+ 61. Ke2 Qg4+ 62. Kf1 Qh3+ 63. Ke2 Qg4+ 64. Kf1 1/2-1/2

[Event "Early-Titled-Tuesday-Blitz-April-23-2024"]
[Site "Chess.com"]
[Date "2024.04.23"]
[Round "1"]
[White "Gryffindorac8"]
[Black "blitzking1729"]
[Result "0-1"]
[WhiteElo "2437"]
[BlackElo "2762"]
[TimeControl "180+1"]
[EndTime "8:08:22 PDT"]
[Termination "blitzking1729 won by resignation"]

1. d4 d5 2. c4 e6 3. Nf3 Nf6 4. g3 dxc4 5. Bg2 a6 6. O-O b5 7. Ne5 c6 8. b3 cxb3 9. Nxc6 Qb6 10. Na5 Ra7 11. Nxb3 Bb7 12. d5 Bxd5 13. Be3 Qb7 14.
Bxd5 Nxd5 15. Bxa7 Qxa7 16. e4 Nf6 17. N1d2 Be7 18.
Rc1 O-O 19. Qc2 Nbd7 20. Qc7 Qxc7 21. Rxc7 Bb4 22. Ra7 a5 23. Rb7 a4 24. Rxb5 Rb8 25. Rxb8+ Nxb8 26. Rb1 axb3 27. Rxb3 Nc6 28. Nc4 Nxe4 29.
a3 Bc5 30. Rb5 f5 31. Kg2 Bxf2 32. a4 Bc5 33. a5 Kf7 34. a6 Kf6 35. Na5 Na7 36. Rb7 h5 37. Nc4 g5 38. Nb6 Bxb6 39. Rxb6 Nc3 40. Rb7 Ncb5 41. Kf3 Ke5 42. Ke3 h4 43.
Kd3 hxg3 44. hxg3 Kd5 45. Rb6 g4 46. Ke3 Nd6 47. Rb7 Nxb7 48. axb7 Nc6 49. Kf4 Nb8 50. Kg5 Kc6 51. Kf4 Kxb7 52. Ke5 Kc6 53. Kxe6 f4 54. gxf4 g3 55. f5 g2 56. f6 g1=Q 57.
f7 Nd7 0-1

[Event "Early-Titled-Tuesday-Blitz-April-23-2024"]
[Site "Chess.com"]
[Date "2024.04.23"]
[Round "1"]
[White "Navyblue1"]
[Black "lucasran"]
[Result "0-1"]
[WhiteElo "2236"]
[BlackElo "2615"]
[TimeControl "180+1"]
[EndTime "8:08:23 PDT"]
[Termination "lucasran won by resignation"]

1. d4 Nf6 2. c4 e6 3. Nf3 b6 4. g3 Bb7 5. Bg2 Be7 6. O-O O-O 7. Nc3 Ne4 8. Nxe4 Bxe4 9. Ne5 Bxg2 10. Kxg2 d6 11.
Nf3 Bf6 12. e4 Nc6 13. Be3 a5 14. Qd2 e5 15. d5 Nb8 16. h4 Nd7 17. Qe2 Be7 18.
Ng5 h6 19. Nh3 f5 20. exf5 Rxf5 21. Bxh6 Qf8 22. Bg5 Nf6 23. Be3 Ne4 24. f3 Nc5 25. Ng5 Bxg5 26. hxg5 g6 27. Rh1 Rf7 28. Rh3 Rh7 29.
Rah1 Rxh3 30. Rxh3 Qg7 31. Qc2 Rf8 32. Bxc5 bxc5 33. Qe4 Qf7 34. Qg4 Kg7 35. b3 Qf5 36. Qxf5 Rxf5 37. g4 Rf8 38. Kg3 Rb8 39. Rh2 a4 40. Rb2 Rb4 41. Kf2 axb3 42. axb3 Rb7 43. Ke3 Ra7 44. b4 Ra3+ 45. Ke4 Ra4 46. bxc5 Rxc4+ 47. Kd3 Rxc5 48. Rb7 Rxd5+ 49. Ke4 Rc5 50. f4 Rc4+ 51. Kd5 Rd4+ 52. Ke6 Rxf4 53. Rxc7+ Kg8 54. Rc8+ Rf8 55. Rc6 Re8+ 56. Kd5 e4 57. Rxd6 e3 58. Rxg6+ Kh7 59. Rh6+ Kg7 60. Rh1 Kg6 61. Re1 Kxg5 62.
Kd4 Kf4 63. Rf1+ Kg3 64. Re1 Kf2 65. Rxe3 Rxe3 66. g5 Rg3 67. Ke5 Rxg5+ 0-1

[Event "Early-Titled-Tuesday-Blitz-April-23-2024"]
[Site "Chess.com"]
[Date "2024.04.23"]
[Round "1"]
[White "Firouzja2003"]
[Black "ragnaroek66"]
[Result "1-0"]
[WhiteElo "3057"]
[BlackElo "2545"]
[TimeControl "180+1"]
[EndTime "8:08:25 PDT"]
[Termination "Firouzja2003 won by resignation"]

1. e4 c6 2. Nf3 d5 3. Nc3 Bg4 4.
h3 Bxf3 5. Qxf3 e6 6. g3 Nd7 7. Bg2 Ngf6 8. O-O Bb4 9. d3 O-O 10. Qe2 Bxc3 11. bxc3 dxe4 12. dxe4 Qa5 13. Bd2 Qc5 14.
Rab1 b5 15. Kh2 Nb6 16. Rb4 Nc4 17. Bf4 a5 18. Rbb1 Rfd8 19. Rbd1 h6 20. Rd3 Qa3 21.
Rfd1 Qe7 22. Bc1 a4 23. f4 e5 24. f5 Nd7 25. Qf2 f6 26. g4 Nf8 27. h4 Rd7 28. Rg1 Rad8 29. Bf1 Nh7 30. Be2 Kh8 31. Kg3 Qf7 32. Rgd1 Nd6 33. Kf3 Qxa2 34. Qc5 Qxc2 35. Rxd6 Rxd6 36. Rxd6 Rxd6 37. Qxd6 Qxc1 38. Qd8+ Nf8 39.
Qxf8+ Kh7 40. Qf7 a3 41. g5 hxg5 42. Qg6+ Kg8 43. h5 Qf4+ 44. Kg2 Qxe4+ 45. Bf3 Qc2+ 46. Kg3 Kf8 47. h6 gxh6 48. Qxf6+ Kg8 49. Qg6+ Kf8 50. Qxh6+ Ke7 51. Qe6+ Kf8 52. Qf6+ Kg8 53. Qxg5+ Kf8 54. Qf6+ Kg8 55. Qe6+ Kf8 56. Qd6+ Kg8 57. Qe6+ Kf8 58.
f6 Qg6+ 59. Kf2 a2 60. Qxa2 Qxf6 61. Qa8+ Kg7 62. Qxc6 Qg5 63. Qd7+ Kh6 64. Qh3+ Kg7 65. Qg4 Kf6 66. Qxg5+ Kxg5 67. Ke3 Kf6 68. Be2 Ke6 69. Bxb5 Kd5 70. Bd3 Kc5 71. Ke4 Kd6 72. c4 Kc5 73.
Kxe5 1-0

[Event "Early-Titled-Tuesday-Blitz-April-23-2024"]
[Site "Chess.com"]
[Date "2024.04.23"]
[Round "1"]
[White "Rdeux42"]
[Black "AradNazari"]
[Result "0-1"]
[WhiteElo "2401"]
[BlackElo "2719"]
[TimeControl "180+1"]
[EndTime "8:08:25 PDT"]
[Termination "AradNazari won on time"]

1. e4 c5 2. Nf3 d6 3. Bb5+ Nd7 4. Ba4 Nf6 5. O-O e6 6. d4 cxd4 7. Qxd4 Be7 8. c4 O-O 9. Nc3 a6 10. Rd1 Qc7 11. Bxd7 Bxd7 12. Bf4 Rfd8 13. Bxd6 Bxd6 14. Qxd6 Qxc4 15. Ne5 Qc8 16. g4 h6 17. h4 Be8 18.
Qe7 Qb8 19. f4 b5 20. g5 hxg5 21. hxg5 Nh5 22. g6 fxg6 23. Qxe6+ Kh7 24. Nd5 Qa7+ 25. Kf1 Rxd5 26. exd5 Qe3 27. Qg4 b4 28. Kg2 Nxf4+ 29. Kh2 Qxe5 30. Qg3 Qe2+ 31. Kg1 g5 32. Re1 Qh5 33.
Qh2 Qxh2+ 34. Kxh2 Rd8 35. Rad1 Bh5 36. Rd4 Rxd5 37.
Rxd5 Nxd5 38. Re5 Bf7 39. Rxg5 g6 40. a3 bxa3 41. bxa3 Kg7 42. Kg3 Kf6 43. Rg4 g5 44. Ra4 Nc7 45. Ra5 Be6 46. Rc5 Nb5 47. a4 Nd4 48. a5 Nb3 49. Rc6 Nxa5 50. Rxa6 Nc4 51.
Rc6 Ne5 52. Ra6 Nf7 53. Rb6 Nh6 54. Ra6 Nf5+ 55. Kf3 Ng7 56. Kg3 Kg6 57. Rb6 Kh5 58. Ra6 g4 59. Ra5+ Nf5+ 60. Kf4 Kh4 0-1

[Event "Early-Titled-Tuesday-Blitz-April-23-2024"]
[Site "Chess.com"]
[Date "2024.04.23"]
[Round "1"]
[White "jeetjain"]
[Black "frequentblunders"]
[Result "1-0"]
[WhiteElo "2607"]
[BlackElo "2203"]
[TimeControl "180+1"]
[EndTime "8:08:25 PDT"]
[Termination "jeetjain won on time"]

1. d4 e6 2. Nf3 c5 3. e3 Nf6 4. b3 d5 5. Bb2 Nc6 6. Nbd2 Bd7 7. a3 Ne4 8. Nxe4 dxe4 9. Nd2 f5 10. dxc5 a5 11.
Qh5+ g6 12. Qd1 Rg8 13. Nc4 Bxc5 14. Nd6+ Bxd6 15. Qxd6 Qe7 16. Qc7 Bc8 17. Qb6 Qd8 18. Qb5 Qd5 19. a4 Qxb5 20. axb5 Nb4 21. Kd2 b6 22. c3 Nd5 23. c4 Ne7 24. b4 Bb7 25. bxa5 Rxa5 26. Rxa5 bxa5 27. c5 Bd5 28. b6 Nc6 29. Bb5 Kd7 30. Bc3 Ra8 31. Ra1 Kc8 32.
Bxc6 Bxc6 33. Rxa5 Rxa5 34. Bxa5 Kb7 35. Bc3 Ka6 36.
Bb4 Kb5 37. Kc3 Bd5 38. Ba3 e5 39. h4 h5 40. g3 Bc6 41. Kc2 Bd5 42. Kb2 Kc4 43.
c6 Bxc6 44. Bd6 Kb5 45. Bc7 Bd5 46. Kc3 Kc6 47. Kb4 Be6 48. Ka5 Bc4 49. Bxe5 Kb7 50. Bc7 Kc6 51. Be5 Bd3 52. Bd4 Be2 53. Kb4 Bd3 54.
Be5 Ba6 55. Bd4 Kd5 56. Ka5 Bb7 57. Kb5 Kd6 58. Bc5+ Kd5 59. Bf8 1-0

[Event "Early-Titled-Tuesday-Blitz-April-23-2024"]
[Site "Chess.com"]
[Date "2024.04.23"]
[Round "1"]
[White "ccccvhhhj"]
[Black "Makswolf200817"]
[Result "0-1"]
[WhiteElo "2452"]
[BlackElo "2785"]
[TimeControl "180+1"]
[EndTime "8:08:27 PDT"]
[Termination "Makswolf200817 won on time"]

1. e4 c5 2. Nf3 d6 3. d4 cxd4 4. Nxd4 Nf6 5. Nc3 a6 6. Rg1 e5 7. Nb3 h5 8. h3 h4 9. Be3 Be6 10. Qd2 Be7 11. O-O-O Nbd7 12. f3 Rc8 13. Kb1 b5 14. Nd5 Nxd5 15. exd5 Bf5 16. Bd3 Bxd3 17. Qxd3 Bg5 18. g3 Bxe3 19. Qxe3 hxg3 20. Rxg3 g6 21. f4 Qh4 22. fxe5 Nxe5 23. Nd4 Kf8 24. Rf1 Re8 25. Qf2 Rh7 26. a3 Kg8 27. Nf5 Qd8 28. Qf4 Qd7 29. Nh6+ Kf8 30. Ng4 Nxg4 31.
hxg4 Re5 32. Rd3 Qe7 33. Qf2 Re2 34. Qd4 Rhh2 35. Rc1 Kg8 36. Rc3 Qd7 37. Qb6 Re5 38. Rc7 Qxg4 39. Qb8+ Kg7 40. Rc8 Rhe2 41. Rg8+ Kf6 42.
Qd8+ Kf5 43. Rf8 Ke4 44. Qxd6 f5 45. Qb4+ Kf3 46. Qc3+ R2e3 47. Qc5 Qe4 48. d6 Re1 49. Qc3+ Kg4 50. Qxe1 Qxe1 51. Rxe1 Rxe1+ 52. Ka2 Rd1 53. Rf6 g5 54. Re6 f4 55. b3 f3 56. c4 f2 57.
Rf6 f1=Q 58. Rxf1 Rxf1 59. c5 Kf5 60. c6 Ke6 61. c7 Rc1 62. a4 Kxd6 0-1

[Event "Early-Titled-Tuesday-Blitz-April-23-2024"]
[Site "Chess.com"]
[Date "2024.04.23"]
[Round "1"]
[White "FGHSMN"]
[Black "english_player_89"]
[Result "1-0"]
[WhiteElo "2926"]
[BlackElo "2525"]
[TimeControl "180+1"]
[EndTime "8:08:28 PDT"]
[Termination "FGHSMN won by resignation"]

1. e4 e5 2. Nf3 Nc6 3. Bc4 Bc5 4. d3 Nf6 5. O-O d6 6. c3 O-O 7. h3 a5 8. Re1 h6 9. Nbd2 Re8 10. Nf1 Bd7 11.
Ng3 Qb8 12. a4 Qa7 13. Be3 Bxe3 14. Rxe3 Ne7 15. Nh4 d5 16. Bb3 dxe4 17. dxe4 Rad8 18. Qc2 Qb6 19. Rae1 Be6 20. Bxe6 Qxe6 21. Ngf5 Nxf5 22. Nxf5 Kh7 23. Qe2 g6 24. Nh4 Rd6 25. Qb5 b6 26.
Rf3 Red8 27. Rfe3 Re8 28. Nf3 Qd7 29. Qc4 Rc6 30. Qe2 Rd6 31. Qc2 Nh5 32. c4 Nf4 33. c5 Rc6 34. Rc3 Ree6 35. Rd1 Qe7 36. cxb6 Rxc3 37.
bxc3 cxb6 38. Kh2 Qf6 39. c4 Rc6 40. Qc3 Rc5 41. g3 Ne2 42. Qe3 Nd4 43. Nxd4 exd4 44. Rxd4 Qe7 45. Qb3 Qc7 46. f4 Qc6 47.
Kg2 h5 48. Kf3 h4 49. g4 Qf6 50. Qd3 Qc6 51. Rd7 Kg8 52. Rd8+ Kg7 53. Qd4+ Qf6 54. Rg8+ Kxg8 55. Qxf6 Rxc4 56. Qxh4 Rxa4 57. Qd8+ Kg7 58. Qxb6 Rb4 59. Qxa5 Rb3+ 60. Kg2 g5 61. Qxg5+ Kh7 62. h4 f6 63. Qxf6 Re3 64. e5 Re4 65. Qf5+ Kh6 66. Qxe4 Kg7 67. f5 1-0

[Event "Early-Titled-Tuesday-Blitz-April-23-2024"]
[Site "Chess.com"]
[Date "2024.04.23"]
[Round "1"]
[White "Iball95"]
[Black "Rosh1610"]
[Result "1-0"]
[WhiteElo "2868"]
[BlackElo "2493"]
[TimeControl "180+1"]
[EndTime "8:08:32 PDT"]
[Termination "Iball95 won by checkmate"]

1. e4 e5 2. Nf3 Nc6 3. Nc3 Nf6 4.
Bb5 Bb4 5. Nd5 Bc5 6. O-O O-O 7. d4 Nxd4 8. Nxd4 exd4 9. Bg5 Be7 10. Nxe7+ Qxe7 11.
Qxd4 h6 12. Bh4 d6 13. f4 c6 14. Bd3 Re8 15. Rae1 c5 16. Qc3 Qe6 17. Bc4 Qe7 18. e5 Ne4 19. Bxe7 Nxc3 20. exd6 b5 21. Bd3 c4 22. bxc3 cxd3 23. cxd3 Bd7 24. c4 bxc4 25.
dxc4 Rec8 26. Rc1 f6 27. Rfe1 Rc5 28. Red1 Rac8 29. Rd4 Rb8 30. Rc2 Rb4 31. Kf2 Kf7 32. h3 a5 33. g4 a4 34. Ke3 a3 35. Kd2 Rb8 36. Rd3 Ba4 37. Rcc3 Rb2+ 38. Ke3 Bd7 39.
Rxa3 Rxc4 40. Ra7 Ke8 41. Ra8+ Kf7 42. Ra7 Ke8 43. Rb3 Rxb3+ 44. axb3 Rb4 45. Ra8+ Kf7 46. Ra3 h5 47. gxh5 Bxh3 48. Ra7 Rxb3+ 49. Kd4 Ke8 50. Ra8+ Kf7 51. Rf8+ Ke6 52. Rg8 Bf5 53. Rxg7 Rh3 54. Bf8 Rxh5 55. d7 Rh3 56. Re7+ Kd6 57. d8=Q+ Kc6 58. Rc7+ Kb6 59. Qb8+ Ka6 60. Ra7# 1-0

[Event "Early-Titled-Tuesday-Blitz-April-23-2024"]
[Site "Chess.com"]
[Date "2024.04.23"]
[Round "1"]
[White "Rud_Makarian"]
[Black "Balla_Tamas"]
[Result "1-0"]
[WhiteElo "3008"]
[BlackElo "2540"]
[TimeControl "180+1"]
[EndTime "8:08:35 PDT"]
[Termination "Rud_Makarian won by resignation"]

1. d4 d5 2. c4 e6 3. Nf3 c5 4. e3 Nf6 5. Nc3 Nc6 6. a3 a6 7. dxc5 Bxc5 8. b4 Ba7 9. Ra2 dxc4 10.
Qxd8+ Nxd8 11. Bxc4 b5 12. Be2 Bb7 13. Rc2 O-O 14.
Bb2 Rc8 15. O-O Nd5 16. Rfc1 Nxc3 17. Rxc3 Rxc3 18. Bxc3 Bd5 19. Nd2 f6 20. a4 bxa4 21. Ra1 Nb7 22. Rxa4 Rc8 23. Ra3 Nd6 24. Bxa6 Rc7 25.
Kf1 e5 26. Bd3 Bb6 27. e4 Be6 28. f3 Kf7 29. Ke2 h5 30. Bb2 h4 31. h3 Nc4 32.
Nxc4 Bxc4 33. Rc3 Bxd3+ 34. Kxd3 Rd7+ 35. Kc2 Kg6 36. Kb3 Rb7 37. Rc6 Be3 38. Kc4 Kg5 39.
Bc3 Kf4 40. Be1 Kg5 41. b5 g6 42. Ba5 f5 43. b6 fxe4 44. fxe4 Kf4 45. Kb5 Kxe4 46.
Ka6 Bxb6 47. Bxb6 Rg7 48. Kb5 Kf4 49. Rc4+ e4 50. Bf2 Rd7 51. Bxh4 Rd2 52. g3+ Kf3 53. Rc3+ Kg2 54. Re3 Rd4 55. Kc5 Ra4 56. g4 Kh2 57. Bf6 Kg2 58. h4 Ra1 59. Bd4 Rc1+ 60. Kd5 Rd1 61.
Kxe4 Rf1 62. Ke5 1-0

[Event "Early-Titled-Tuesday-Blitz-April-23-2024"]
[Site "Chess.com"]
[Date "2024.04.23"]
[Round "1"]
[White "Shahdad2007"]
[Black "SoCalJuniorChess"]
[Result "1-0"]
[WhiteElo "2602"]
[BlackElo "2150"]
[TimeControl "180+1"]
[EndTime "8:08:35 PDT"]
[Termination "Shahdad2007 won by resignation"]

1. Nf3 Nf6 2. c4 d5 3. cxd5 Nxd5 4. g3 c6 5. Bg2 g6 6. O-O Bg7 7. Nc3 Nxc3 8. bxc3 O-O 9. Rb1 Na6 10. Qc2 Nc5 11. Ba3 Bf5 12. d3 Nxd3 13. Rbd1 Qa5 14. Qb3 Nc5 15. Qb4 Qxb4 16. Bxb4 Na4 17. Nd4 Bc8 18.
Rc1 c5 19. Nb5 cxb4 20. cxb4 a6 21. Nc7 Rb8 22. Nd5 e6 23. Ne7+ Kh8 24. Rfd1 Nc3 25. Rd2 Re8 26. Nxc8 Rexc8 27. Kf1 Rc4 28. a3 Bf6 29.
Rd7 Kg7 30. Bxb7 Rd8 31. Rxd8 Bxd8 32. Bxa6 Rc6 33. Bd3 Bf6 34. a4 Rb6 35. a5 Rxb4 36.
a6 Ra4 37. h4 h5 38. Kg2 Kf8 39. Rc2 Ke7 40. Rb2 Bd4 41. Rb7+ Kf6 42. e3 Bc5 43. Rc7 Ra5 44. Kf3 Nd5 45. Rc8 Nb4 46. Bc4 Be7 47. Ra8 Ke5 48. Ke2 Kd6 49. Ra7 Nc6 50. Rb7 Kc5 51.
Bd3 Ra2+ 52. Kf1 Nb4 53. Be2 Ra1+ 54. Kg2 Bd6 55. Rxf7 Nxa6 56. Ra7 Kb6 57. Rg7 Kc6 58. Rxg6 Nc5 59. Bxh5 Ra2 60. Bf3+ Kd7 61. Rg7+ Be7 62.
h5 Nd3 63. h6 Rxf2+ 64. Kg1 Rxf3 65. h7 Rf8 66. Rg8 Rxg8 67. hxg8=Q Kd6 68. Qa8 Bf6 69. Qe4 Ne5 70. Kg2 Be7 71. Qd4+ Kc6 72. Qxe5 1-0

[Event "Early-Titled-Tuesday-Blitz-April-23-2024"]
[Site "Chess.com"]
[Date "2024.04.23"]
[Round "1"]
[White "Veleamater"]
[Black "HamedWafa4"]
[Result "1-0"]
[WhiteElo "2446"]
[BlackElo "2727"]
[TimeControl "180+1"]
[EndTime "8:08:36 PDT"]
[Termination "Veleamater won by resignation"]

1. g3 c5 2. Bg2 g6 3. d3 Bg7 4. e4 Nc6 5. Nc3 Rb8 6. f4 d6 7. Nf3 b5 8. O-O b4 9. Ne2 e6 10. g4 Nge7 11. g5 a5 12. h4 Qb6 13. Ng3 a4 14.
Rb1 c4+ 15. Kh2 cxd3 16. cxd3 b3 17. a3 Nd4 18. h5 Nxf3+ 19. Qxf3 Bb7 20. Be3 Bd4 21.
Bxd4 Qxd4 22. Ne2 Qb6 23. Nc3 Bc6 24. Rf2 Qb7 25. Re1 O-O 26. Qg3 d5 27. f5 exf5 28. exd5 Nxd5 29. Bxd5 Bxd5 30. Re5 Bc6 31. h6 Rbe8 32.
Rfe2 Rxe5 33. Qxe5 Qb8 34. d4 Qxe5+ 35. Rxe5 Rd8 36.
d5 Be8 37. Kg3 f6 38. gxf6 Kf7 39. Kf4 Kxf6 40. Re6+ Kf7 41. Ke5 Bd7 42. Rf6+ Kg8 43. Kd6 Bb5+ 44. Kc7 Rd7+ 45. Kb6 Bf1 46. d6 Bg2 47. Nxa4 Rb7+ 48. Kc5 Rf7 49. Re6 Rd7 50. Nb6 Rd8 51. d7 Kf7 52. Kd6 f4 53. Re7+ Kf6 54. Re8 Rxd7+ 55. Nxd7+ Kf5 56. Rf8+ Kg4 57. a4 f3 58. Ne5+ Kg3 59. Nxf3 Bxf3 60. Rxf3+ Kxf3 61. a5 g5 62. a6 g4 63. a7 g3 64. a8=Q+ Kf2 65.
Qa7+ Kf1 66. Qa1+ Kf2 67. Qd1 g2 68. Qd2+ Kf1 69. Qd3+ Kf2 70. Qf5+ Ke1 71. Qe4+ Kf1 72. Qf3+ Kg1 73. Qxb3 Kh2 74. Qc2 Kh3 75. Qd3+ Kh2 76. Qe2 Kh1 77. Qf3 Kh2 78. Qf2 Kh1 79. Qxg2+ Kxg2 80. b4 Kg3 81. b5 Kg4 82. b6 Kh5 83. b7 Kxh6 84. b8=Q Kg5 85. Qg8+ Kh6 86. Ke5 1-0

[Event "Early-Titled-Tuesday-Blitz-April-23-2024"]
[Site "Chess.com"]
[Date "2024.04.23"]
[Round "1"]
[White "Jojo_898"]
[Black "The_Sherman_Variation"]
[Result "1-0"]
[WhiteElo "2434"]
[BlackElo "2721"]
[TimeControl "180+1"]
[EndTime "8:08:36 PDT"]
[Termination "Jojo_898 won by resignation"]

1. e4 d5 2. exd5 Qxd5 3. Nc3 Qa5 4. d4 c6 5. h3 Nf6 6. Nf3 Bf5 7. Bd3 Bxd3 8.
Qxd3 e6 9. Bd2 Qc7 10. O-O Be7 11. Ne4 Nbd7 12. c4 h6 13. Rac1 O-O 14. Rfd1 Nxe4 15.
Qxe4 Nf6 16. Qf4 Bd6 17. Qh4 Be7 18. Qf4 Qb6 19. b3 Rad8 20. Be3 Qa5 21. Rc2 c5 22.
Qg3 Ne4 23. Qf4 cxd4 24. Bxd4 Ng5 25. Rcd2 Nxf3+ 26. Qxf3 Bg5 27. Rd3 b6 28. Qg3 Kh7 29. h4 Rxd4 30. Rxd4 Bf6 31. Qd3+ g6 32. Rf4 Kg7 33. Qf3 Be5 34. Re4 h5 35. g3 Bf6 36.
Rd7 e5 37. Re2 a6 38. Qc6 Rd8 39. Rxd8 Bxd8 40. Qd5 Qxd5 41. cxd5 f6 42. Kg2 Kf7 43. Kf3 Ke7 44. Rc2 Kd6 45. Rd2 f5 46. Ke2 b5 47.
Rd3 Bb6 48. f3 Bd4 49. f4 Kxd5 50. fxe5 Kxe5 51. Kf3 Kd5 52. Rd1 a5 53. Rc1 b4 54.
Rc8 Ke6 55. Ra8 Bc3 56. Ra6+ Kf7 57. Rxa5 Kf6 58. Ra6+ Kg7 59. Rb6 Kh6 60. Kf4 Bd2+ 61. Kf3 Bc3 62. Ra6 Kg7 63. a4 bxa3 64. Rxa3 Kf6 65.
Ra6+ Kf7 66. Rb6 Bd4 67. Rb7+ Kf6 68. b4 Ke5 69. b5 Kd5 70. Rc7 Ke6 71. Rc6+ Kf7 72.
b6 Ke7 73. b7 Ba7 74. Rc8 Kd7 75. b8=Q Bxb8 76. Rxb8 1-0

[Event "Early-Titled-Tuesday-Blitz-April-23-2024"]
[Site "Chess.com"]
[Date "2024.04.23"]
[Round "1"]
[White "FaustinoOro"]
[Black "Tejas_Rama"]
[Result "1-0"]
[WhiteElo "2921"]
[BlackElo "2521"]
[TimeControl "180+1"]
[EndTime "8:08:37 PDT"]
[Termination "FaustinoOro won by resignation"]

1. e4 e5 2. Nf3 Nc6 3. Bc4 Bc5 4.
O-O Nf6 5. d3 O-O 6. c3 d5 7.
exd5 Nxd5 8. Nbd2 Bf5 9. Ne4 Be7 10. Re1 Nb6 11. Bb5 f6 12. Ng3 Bd7 13. d4 exd4 14. cxd4 Bd6 15. Ne4 Bg4 16. Be3 Ne7 17. Nc5 Qc8 18.
Qb3+ Ned5 19. Nd2 c6 20. Bf1 Qc7 21. h3 Bf5 22. Nc4 Bxc5 23. dxc5 Nxc4 24. Bxc4 Be6 25.
Rad1 Rfe8 26. Bd2 Bf7 27. Qf3 Kh8 28. b4 a6 29. a4 Rxe1+ 30. Rxe1 Rd8 31. Qb3 Kg8 32. Qb2 Qd7 33. Bf1 Re8 34. Rd1 Re4 35.
Bd3 Re8 36. b5 axb5 37. axb5 Bg6 38. Bf1 Qe6 39. Re1 Qd7 40. Ra1 Rc8 41. Qd4 Qf5 42. bxc6 bxc6 43. Ra6 Qe4 44. Qb2 Kf7 45. Qb7+ Rc7 46.
Qb8 Qe8 47. Qb3 Bf5 48. Bc4 Be6 49. Ba5 Rc8 50. Ra7+ Kg8 51. Qg3 Qg6 52. Qd6 Qb1+ 53. Kh2 Qb8 54. Qxb8 Rxb8 55. Ra6 Rc8 56. Bb3 Kf7 57.
Ba4 Bd7 58. Ra7 Ke6 59. Bc2 g6 60. g4 Rb8 61. Ra6 Rb2 62. Ba4 Rxf2+ 63. Kg3 Rb2 64. Bxc6 Bxc6 65. Rxc6+ Ke5 66. Rc8 Rb3+ 67. Kf2 Kf4 68.
Bd2+ Ke4 69. c6 Kd3 70. Rd8 Ke4 71. Rxd5 Kxd5 72. c7 1-0